 Dungeon Crawl Stone Soup version 0.21.1-1-g345015fe64 (webtiles) character file.

109 Oravi the Vandal (level 5, -8/34 HPs)
             Began as a Halfling Hunter on Apr 20, 2018.
             Mangled by Grinder (10 damage)
             ... on level 3 of the Dungeon.
             The game lasted 00:04:36 (2026 turns).

Oravi the Vandal (Halfling Hunter)                  Turns: 2026, Time: 00:04:37

Health: -8/34      AC:  5    Str: 11 (13) XL:     5   Next: 13%
Magic:  5/5        EV: 14    Int:  7 (9)  God:
Gold:   76         SH:  4    Dex: 15 (16) Spells: 4/4 levels left

rFire    . . .     SeeInvis .   b - +0 short sword
rCold    . . .     Gourm    .   p - +0 buckler
rNeg     . . .     Faith    .   c - +0 leather armour
rPois    .         Spirit   .   (no helmet)
rElec    .         Reflect  .   (no cloak)
rCorr    .         Harm     .   k - +0 pair of gloves
MR       .....                  q - +0 pair of boots
Stlth    ++........             (no amulet)
HPRegen  0.11/turn              (no ring)
MPRegen  0.09/turn              (no ring)

@: very slightly contaminated, invisible
A: small, mutation resistance 1
a: no special abilities


You were on level 3 of the Dungeon.
You were not hungry.

You visited 1 branch of the dungeon, and saw 3 of its levels.

You collected 76 gold pieces.

Inventory:

Hand Weapons
 a - a +1 hunting sling
 b - a +0 short sword (weapon)
Missiles
 d - 12 sling bullets
 h - 106 stones (quivered)
Armour
 c - a +0 leather armour (worn)
 k - a +0 pair of gloves (worn)
 p - a +0 buckler (worn)
 q - a +0 pair of boots (worn)
Wands
 r - a wand of paralysis (15)
Scrolls
 j - a scroll of magic mapping
 n - 3 scrolls of identify {unknown}
 o - a scroll of remove curse
Potions
 i - 2 potions of curing
 l - a potion of degeneration
 s - a potion of heal wounds
Comestibles
 f - 4 rations
 g - a chunk of flesh


   Skills:
 + Level 2.1 Fighting
 + Level 7.8 Slings
 + Level 1.1 Armour
 * Level 3.1 Dodging
 - Level 1.1 Stealth


You had 4 spell levels left.
You didn't know any spells.

Dungeon Overview and Level Annotations

Branches:
Dungeon (3/15)

Altars:
Kikubaaqudgha
Uskayaw

Annotations:
D:3 Grinder


Innate Abilities, Weirdness & Mutations

You are small and have problems with some larger weapons.
You are somewhat resistant to further mutation.


Message History

Grinder gestures at you.
You barely resist.
A sky beast appears from thin air!
Reactivating autopickup.
You hit Grinder.
Grinder is lightly wounded.
Grinder gestures at you. You resist with significant effort.
You hit Grinder but do no damage.
Grinder is lightly wounded.
Grinder closely misses you.
You closely miss Grinder.
Grinder is lightly wounded.
Grinder hits you.
* * * LOW HITPOINT WARNING * * *
Grinder barely misses you.
You closely miss Grinder.
Grinder is lightly wounded.
Grinder says, "DUCK!"
Grinder hits you!
You die...

#.#####.#
### #.# .#
#.# ยง# #.#
.# #.# .#
#.# Y# #.#
.#
#.########.#
#..@5Y...[.#
############


You could see Grinder and a sky beast.

Vanquished Creatures
  3 adders
  2 oozes
  3 worms (D:2)
  A dart slug (D:2)
  2 leopard geckos
  A ball python (D:2)
  2 bat zombies (D:2)
  A giant cockroach (D:2)
  6 goblins
  6 hobgoblins
  5 jackals
  11 kobolds
  10 bats
  2 frilled lizards
  6 rats
61 creatures vanquished.

Notes
Turn   | Place    | Note
-------+----------+-------------------------------------------
     0 | D:1      | Oravi the Halfling Hunter began the quest for the Orb.
     0 | D:1      | Reached XP level 1. HP: 14/14 MP: 1/1
    52 | D:1      | Reached skill level 6 in Slings
   187 | D:1      | Reached XP level 2. HP: 19/19 MP: 2/2
   732 | D:2      | Reached XP level 3. HP: 24/24 MP: 3/3
   809 | D:2      | Reached skill level 7 in Slings
   878 | D:2      | Reached XP level 4. HP: 29/29 MP: 4/4
  1196 | D:2      | Noticed a hand axe
  1196 | D:2      | Noticed a hand axe
  1197 | D:2      | Found a hide-covered altar of Uskayaw.
  1415 | D:2      | Found an ancient bone altar of Kikubaaqudgha.
  1554 | D:3      | Reached skill level 1 in Armour
  1788 | D:3      | Reached XP level 5. HP: 34/34 MP: 5/5
  2002 | D:3      | Noticed Grinder
  2002 | D:3      | Noticed a sky beast
  2015 | D:3      | Paralysed by Grinder for 3 turns
  2026 | D:3      | Mangled by Grinder

Skill      XL: |  1  2  3  4  5 |
---------------+----------------+-----
Slings         | 6 7 |  7.8
Fighting       | 2 |  2.1
Armour         | 1 |  1.1
Dodging        | 3 |  3.1
Stealth        | |  1.1

Action                   |  1- 3 |  4- 6 || total
-------------------------+-------+-------++-------
Melee: Short sword       |       |    10 ||    10
 Fire: Hunting sling     |    67 |   129 ||   196
  Use: Scroll            |     1 |     3 ||     4
       Potion            |       |     5 ||     5
  Eat: Chunk             |       |     3 ||     3
Armor: Leather armour    |     6 |     9 ||    15
Dodge: Dodged            |    15 |    42 ||    57
Block: Buckler           |       |     4 ||     4
